 Dungeon Crawl Stone Soup version 0.30.0-29-ga12c61a403 (webtiles) character file.

Game seed: 16574188351979804590

529 RogueRain17 the Conjurer (level 6, -2/45 HPs)
             Began as a Demigod Conjurer on June 7, 2023.
             Engulfed by a steam dragon's steam (7 damage)
             ... on level 5 of the Dungeon on June 8, 2023.
             The game lasted 00:19:50 (4699 turns).

RogueRain17 the Conjurer (Demigod Conjurer)         Turns: 4699, Time: 00:19:51

Health: -2/45      AC:  4    Str:  8    XL:     6   Next: 72%
Magic:  1/11       EV: 12    Int: 28    God:
Gold:   203        SH:  0    Dex: 12    Spells: 0/9 levels left

rFire   . . .        o - +2 dagger (venom)
rCold   . . .        (no shield)
rNeg    . . .        a - +0 robe
rPois   .            (no helmet)
rElec   .            (no cloak)
rCorr   .            y - +0 pair of gloves
SInv    .            h - +0 pair of boots
Will    +....        (no amulet)
Stlth   ++           t - ring of willpower
HPRegen 0.27/turn    (no ring)
MPRegen 0.12/turn

%: no passive effects
@: no status effects
A: high MP 1, forlorn, divine attributes
a: no special abilities


You were on level 5 of the Dungeon.
You visited 1 branch of the dungeon, and saw 5 of its levels.

You collected 203 gold pieces.

Inventory:

Hand Weapons
 o - a +2 dagger of venom (weapon)
Armour
 a - a +0 robe (worn)
 h - a +0 pair of boots (worn)
 y - a +0 pair of gloves (worn)
Jewellery
 m - a ring of fire
 s - a ring of flight
 t - a ring of willpower (left hand)
 w - a ring of ice
Scrolls
 d - a scroll of enchant weapon
 e - 2 scrolls of vulnerability
 f - 2 scrolls of teleportation
 l - a scroll of amnesia
 p - a scroll of enchant armour
 q - a scroll of brand weapon {unknown}
 r - a scroll of poison {unknown}
 v - a scroll of fog {unknown}
Potions
 b - 2 potions of magic
 c - a potion of heal wounds {unknown}
 g - a potion of flight {unknown}
 i - 2 potions of brilliance {unknown}
 k - a potion of haste {unknown}
 n - 2 potions of might {unknown}
 u - a potion of degeneration {unknown}
 x - a potion of berserk rage {unknown}


   Skills:
 - Level 1.8 Dodging
 - Level 1.9 Stealth
 - Level 2.0 Spellcasting
 + Level 6.5 Conjurations
 + Level 3.7 Hexes


You couldn't memorise any spells.
You knew the following spells:

 Your Spells              Type           Power      Damage    Failure   Level
a - Magic Dart            Conj           100%       1d8       1%          1
b - Searing Ray           Conj           78%        2d7       1%          2
c - Dazzling Flash        Conj/Hex       62%        N/A       3%          3
d - Mephitic Cloud        Conj/Pois/Air  14%        N/A       12%         3

Your spell library contained the following spells:

 Spells                   Type           Power      Damage    Failure   Level
 Fulminant Prism          Conj/Hex       15%        3d10      11%         4
 Poisonous Vapours        Pois/Air       4%         N/A       14%         2
 Iskenderun's Mystic Bla  Conj/Tloc      21%        2d6       24%         4
 Freezing Cloud           Conj/Ice/Air   7%         6-21      71%         5


Dungeon Overview and Level Annotations

Branches:
Dungeon (5/15)             Temple (0/1) D:4

Shops:
D:1 (   D:3 !   D:4 *


Innate Abilities, Weirdness & Mutations

You have an increased reservoir of magic. (+10% MP)
You shall have no god before yourself.
Your divine heritage dramatically boosts your attributes as you level up.


Message History

Casting: Magic Dart (safe; 1% risk of failure)
Confirm with . or Enter, or press ? or * to list all spells.
Casting: Dazzling Flash (dangerous; 3% risk of failure)
Press: ? - help, Dir - look around, f - activate The steam dragon is dazzled.
The steam dragon bites you. The steam dragon barely misses you.
You hit the steam dragon but do no damage.
The steam dragon breathes steam at you. The ball of steam misses you.
You hear an angry hiss.
You are engulfed in a cloud of scalding steam.
The steam dragon is no longer blind.
Casting: Dazzling Flash (dangerous; 3% risk of failure)
Confirm with . or Enter, or press ? or * to list all spells.
Casting: Dazzling Flash (dangerous; 3% risk of failure)
Press: ? - help, Dir - look around, f - activate The steam dragon is dazzled.
You are engulfed in a cloud of scalding steam.
The steam dragon closely misses you. The steam dragon barely misses you.
The gnoll is engulfed in a cloud of scalding steam.
Found a ring mail.
Found a stone staircase leading up.
The steam dragon is no longer blind.
Casting: Dazzling Flash (dangerous; 3% risk of failure)
Confirm with . or Enter, or press ? or * to list all spells.
You don't have enough magic to cast this spell.
Casting: Dazzling Flash (dangerous; 3% risk of failure)
Confirm with . or Enter, or press ? or * to list all spells.
Aiming: Magic Dart (safe; 1% risk of failure)
Press: ? - help, Shift-Dir - straight line, f - steam dragon
Aim: a steam dragon (100% to hit)
The magic dart hits the steam dragon but does no damage.
The steam dragon breathes steam at you. The ball of steam hits you!
* * * LOW HITPOINT WARNING * * *
As you read the scroll of fear, it crumbles to dust.
You assume a fearsome visage.
The steam dragon resists with some effort.
The gnoll looks frightened! x2
You are engulfed in a cloud of scalding steam.
You die...

..#### .. .
.#.........## .#
....#.#.....## ##.#
........$....# #..
............# #.#
...........###.#
#........##..#
#.........#..#
#§§@Dg.g.....# ###
#........#...###.###
#........###.†......
#...#......# ##.......
#..###.....[##..###<..
#.. #..#....#+###...#
#. #.....#.+ #.... ..
#.#.#...# #.... ####.


You could see a steam dragon (catching breath) and 2 gnolls.

Vanquished Creatures
  A black bear (D:5)
  2 scorpions
  A howler monkey (D:5)
  A jelly (D:5)
  2 hounds
  An iguana (D:4)
  10 adders
  2 worms (D:3)
  2 orcs
  9 endoplasms
  3 giant cockroaches
  6 goblins
  7 hobgoblins
  7 jackals
  6 kobolds
  2 quokkas
  6 ball pythons
  A bat (D:2)
  5 frilled lizards
  5 rats
79 creatures vanquished.

Notes
Turn   | Place    | Note
-------+----------+-------------------------------------------
     0 | D:1      | RogueRain17 the Demigod Conjurer began the quest for the
                  | Orb.
     0 | D:1      | Reached XP level 1. HP: 14/14 MP: 5/5
    81 | D:1      | Found Nar Tudd's Antique Weapon Shoppe.
   244 | D:1      | Reached skill level 4 in Conjurations
   384 | D:1      | Reached XP level 2. HP: 20/20 MP: 1/7
   601 | D:1      | Learned a level 2 spell: Searing Ray
  1265 | D:2      | Reached XP level 3. HP: 26/26 MP: 4/8
  1964 | D:2      | Reached skill level 5 in Conjurations
  1985 | D:2      | Reached XP level 4. HP: 33/33 MP: 4/9
  1989 | D:2      | Learned a level 3 spell: Dazzling Flash
  2729 | D:3      | Reached skill level 1 in Hexes
  2829 | D:3      | Found Xaebosh's Distillery.
  3027 | D:3      | Reached XP level 5. HP: 38/38 MP: 2/10
  3884 | D:4      | Found a staircase to the Ecumenical Temple.
  4046 | D:4      | Reached skill level 6 in Conjurations
  4046 | D:4      | Reached XP level 6. HP: 29/45 MP: 1/11
  4129 | D:4      | Learned a level 3 spell: Mephitic Cloud
  4258 | D:4      | Found Xoomusewk's Fire Supplies.
  4564 | D:5      | Entered Level 5 of the Dungeon
  4677 | D:5      | Noticed a steam dragon
  4699 | D:5      | Engulfed by a steam dragon's steam

Illustrated notes

Levels and vault maps discovered:
D:1:      spicycebolla_green_bress_n_ham, layout_basic, serial_forest,
          infiniplex_forest_clump_cross, infiniplex_forest_straight_4,
          infiniplex_forest_clump_tiny, infiniplex_forest_clump_small,
          infiniplex_forest_split, infiniplex_forest_lined_3,
          infiniplex_forest_3_way, infiniplex_forest_lined_4_way, serial_shops,
          shop, nicolae_ecumenical_lake_church
D:2:      layout_basic
D:3:      minmay_door_path, layout_loops_corners, led_sif_pool, serial_shops,
          shop
D:4:      layout_rooms, lemuel_tele_altar, minmay_temple_entry_wispy,
          nicolae_shop_fire_sale [nicolae_sub_dead_trees],
          hangedman_abyss_or_decor_jellyfish_corner
D:5:      layout_rooms, serial_shops, nicolae_shop_tiny_real_fake_doors,
          nicolae_shop_window_shopping, nicolae_shop_behind_doors,
          gup_sewer_entry_bowl, kennysheep_generic_room_9

Skill      XL: |  1  2  3  4  5  6 |
---------------+-------------------+-----
Conjurations   | 4 5 6 |  6.5
Spellcasting   | 2 |  2.0
Hexes          | 2 3 |  3.7
Dodging        | |  1.8
Stealth        | |  1.9

Action                     |  1- 3 |  4- 6 || total
---------------------------+-------+-------++-------
  Melee: Dagger            |       |    10 ||    10
   Cast: Magic Dart        |    71 |    77 ||   148
         Searing Ray       |     5 |    10 ||    15
         Dazzling Flash    |       |     2 ||     2
    Use: Scroll            |       |     7 ||     7
   Stab: Sleeping          |       |     1 ||     1
 Armour: Robe              |     4 |     7 ||    11
  Dodge: Dodged            |     5 |    30 ||    35
